 Dungeon Crawl Stone Soup version 0.19.4-8-ga85b6b9 (webtiles) character file.

1458 mrmercer the Conjurer (level 8, 0/57 HPs)
             Began as a Purple Draconian Air Elementalist on Feb 7, 2017.
             Was a Priest of Ru.
             Slain by a ball python (1 damage)
             ... on level 6 of the Dungeon.
             The game lasted 00:58:15 (5889 turns).

mrmercer the Conjurer (DrAE)                        Turns: 5889, Time: 00:58:16

Health: 0/57       AC:  8    Str: 10    XL:     8   Next: 47%
Magic:  1/17       EV:  9    Int: 19    God:    Ru [***...]
Gold:   229        SH:  0    Dex: 13    Spells: 2 memorised, 13 levels left

rFire  . . .     SeeInvis .     s - +0 club (curse)
rCold  . . .     Gourm    +     (armour unavailable)
rNeg   . . .     Faith    .     (shield unavailable)
rPois  .         Spirit   .     (helmet restricted)
rElec  .         Reflect  .     (no cloak)
rCorr  .         Harm     .     q - +0 pair of gloves
MR     +....                    J - +0 pair of boots
Stlth  ++........               o - amulet of the gourmand
                                l - +2 ring of intelligence
                                (ring unavailable)

@: constricted, heavily drained
A: breathe power, unfitting armour, cold-blooded, missing a hand, AC +6
a: Breathe Dispelling Energy, Draw Out Power, Renounce Religion


You were on level 6 of the Dungeon.
You worshipped Ru.
Ru was most pleased with you.
You were very full.

You visited 2 branches of the dungeon, and saw 7 of its levels.

You collected 229 gold pieces.

Inventory:

Hand Weapons
 p - a +0 spear
 s - a cursed +0 club (weapon)
 y - a +0 giant spiked club
Armour
 f - a +0 robe
 q - a +0 pair of gloves (worn)
 A - a +2 leather armour of poison resistance
 J - a +0 pair of boots (worn)
Jewellery
 i - an uncursed ring of poison resistance
 l - a +2 ring of intelligence (right hand)
 o - an amulet of the gourmand (around neck)
 w - an uncursed ring of poison resistance
Scrolls
 c - a scroll of fog
 k - 2 scrolls of teleportation
 r - 6 scrolls of identify
 t - 3 scrolls of remove curse
 x - a scroll of immolation
 z - a scroll of magic mapping {unknown}
 E - 2 scrolls of fear {unknown}
Potions
 d - a potion of might
 e - a potion of berserk rage {unknown}
 h - 2 potions of lignification
 j - a potion of haste {unknown}
 m - a potion of degeneration
 u - a potion of brilliance
 v - a potion of flight {unknown}
 D - 2 potions of agility
 H - a potion of cure mutation
Books
 a - a book of Air

   Spells                             Type                      Level
   a - Shock                          Conjuration/Air              1
   b - Swiftness                      Charms/Air                   2
   c - Repel Missiles                 Charms/Air                   2
   d - Static Discharge               Conjuration/Air              3
   e - Lightning Bolt                 Conjuration/Air              5
Comestibles
 b - 4 bread rations
 g - 7 meat rations
 n - 3 beef jerkies
 B - 2 fruits
 C - a chunk of flesh
 F - a slice of pizza
 I - a royal jelly


   Skills:
 - Level 0.6(0.0) Maces & Flails
 + Level 3.1(1.6) Dodging
 + Level 2.7(1.3) Stealth
 + Level 6.1(4.5) Spellcasting
 * Level 6.3(4.7) Conjurations
 + Level 6.2(4.6) Air Magic


You had 13 spell levels left.
You knew the following spells:

 Your Spells              Type           Power        Failure   Level  Hunger
a - Shock                 Conj/Air       ###.         1%          1    None
b - Lightning Bolt        Conj/Air       ###.......   63%         5    ######.


Dungeon Overview and Level Annotations

Branches:
Dungeon (6/15)             Temple (1/1) D:4

Altars:
Dithmenos
Makhleb
Ru

Annotations:
D:6 Edmund


Innate Abilities, Weirdness & Mutations

You can breathe bolts of dispelling energy.
Your rich purple scales are hard. (AC +6)
You cannot fit into any form of body armour.
You are cold-blooded and may be slowed by cold attacks.
You are missing a hand.


Message History

* * * LOW HITPOINT WARNING * * *
You focus your will and illuminate the bullfrog in retribution!
The ball python bites you but does no damage.
The ball python constricts you. Edmund barely misses you.
The bullfrog hits you but does no damage.
The ball python closely misses you. The ball python constricts you.
You hit Edmund but do no damage. You tail-slap Edmund.
Edmund is moderately wounded.
The bullfrog hits you.
* * * LOW HITPOINT WARNING * * *
Edmund hits you but does no damage.
You feel drained.
The gnoll shaman calls upon its god to speed up something.
The ball python bites you but does no damage.
The ball python constricts you. The bullfrog hits you.
* * * LOW HITPOINT WARNING * * *
You hit Edmund but do no damage.
Edmund is moderately wounded.
The bullfrog barely misses you. The gnoll barely misses you.
The ball python closely misses you.
You die...

##.##########.#
......?.g......
#.....@#
#.###SF@g.#
#.........
#.<.......
.........#
.......#.##
###.#.##.#
..... #


You could see Edmund, a bullfrog, a gnoll shaman, a gnoll and a ball python.

Vanquished Creatures
  Grinder (D:5)
  A black bear (D:6)
  2 ogres (D:4)
  2 centaurs (D:5)
  A bullfrog (D:4)
  2 scorpions (D:4)
  2 bullfrog skeletons
  5 hounds
  An orc priest (D:4)
  A jelly (D:5)
  2 iguanas (D:4)
  5 worker ants
  A hound zombie (D:5)
  A worker ant zombie (D:5)
  3 gnolls (D:5)
  8 adders
  2 oozes (D:3)
  4 worms
  4 leopard geckos
  10 orcs
  9 bats
  11 giant cockroaches
  9 goblins
  10 hobgoblins
  7 jackals
  A quokka (D:3)
  A ball python (D:2)
  A ball python skeleton (D:5)
  5 frilled lizards
  A jackal skeleton (D:6)
  7 kobolds
  8 rats
128 creatures vanquished.

Notes
Turn   | Place    | Note
-------+----------+-------------------------------------------
     0 | D:1      | mrmercer the Draconian Air Elementalist began the quest for the Orb.
     0 | D:1      | Reached XP level 1. HP: 14/14 MP: 3/3
   263 | D:1      | Reached XP level 2. HP: 20/20 MP: 0/5
  1282 | D:1      | Reached XP level 3. HP: 26/26 MP: 3/6
  2038 | D:3      | Found a shadowy altar of Dithmenos.
  2124 | D:3      | Reached XP level 4. HP: 28/33 MP: 1/8
  3026 | D:3      | Reached XP level 5. HP: 38/38 MP: 7/9
  3608 | D:4      | Found a sacrificial altar of Ru.
  3632 | D:4      | Became a worshipper of Ru the Awakened
  3655 | D:4      | Found a staircase to the Ecumenical Temple.
  3669 | Temple   | Entered the Ecumenical Temple
  3693 | D:4      | Reached XP level 6. HP: 20/45 MP: 1/10
  4139 | D:4      | Found a burning altar of Makhleb.
  4294 | D:4      | Reached skill level 5 in Air Magic
  4294 | D:4      | Your scales start taking on a rich purple colour.
  4294 | D:4      | Reached XP level 7. HP: 50/50 MP: 0/13
  4864 | D:5      | Entered Level 5 of the Dungeon
  4946 | D:5      | Reached skill level 5 in Spellcasting
  4989 | D:5      | Noticed Grinder
  5003 | D:5      | Paralysed by Grinder for 7 turns
  5033 | D:5      | Killed Grinder
  5033 | D:5      | Reached skill level 5 in Conjurations
  5274 | D:5      | Reached XP level 8. HP: 57/57 MP: 8/16
  5277 | D:5      | Gained mutation: You are missing a hand. [Ru sacrifice]
  5277 | D:5      | Reached * piety under Ru
  5277 | D:5      | Reached ** piety under Ru
  5277 | D:5      | Reached *** piety under Ru
  5758 | D:5      | Learned a level 5 spell: Lightning Bolt
  5873 | D:6      | Noticed Edmund
  5888 | D:6      | HP: 1/57 [bullfrog (5)]
  5889 | D:6      | Slain by a ball python

Skill      XL: |  1  2  3  4  5  6  7  8 |
---------------+-------------------------+-----
Stealth        | 2 |  2.7
Conjurations   | 2 3 4 5 6 |  6.3
Air Magic      | 4 5 6 |  6.2
Spellcasting   | 3 4 5 6 |  6.1
Dodging        | 2 3 |  3.1
Maces & Flails | |  0.6

Action                   |  1- 3 |  4- 6 |  7- 9 || total
-------------------------+-------+-------+-------++-------
Melee: Club              |     9 |    57 |    23 ||    89
       Unarmed           |     3 |       |       ||     3
       Tailslap          |     2 |     8 |     3 ||    13
       Dagger            |     4 |       |       ||     4
 Cast: Shock             |    75 |   145 |   123 ||   343
       Lightning Bolt    |       |       |     2 ||     2
Invok: Sacrifice a Hand  |       |       |     1 ||     1
  Use: Scroll            |     2 |     2 |     1 ||     5
       Potion            |       |     2 |     6 ||     8
 Stab: Distracted        |       |     1 |       ||     1
  Eat: Chunk             |    10 |     7 |     5 ||    22
       Bread ration      |     1 |       |       ||     1
Armor: Skin              |     4 |    40 |    37 ||    81
Dodge: Dodged            |    19 |    83 |    61 ||   163
